 Dungeon Crawl Stone Soup version 0.20.1-1-g8b1a95d (webtiles) character file.

29543 troglodite the Fighter (level 13, -1/103 HPs)
             Began as a Demonspawn Berserker on Dec 21, 2017.
             Was a High Priest of Trog.
             Slain by an orc knight
             ... wielding a +1 bardiche
              (3 damage)
             ... on level 2 of the Orcish Mines on Dec 22, 2017.
             The game lasted 00:52:22 (14506 turns).

troglodite the Fighter (Demonspawn Berserker)      Turns: 14506, Time: 00:52:22

Health: -1/103     AC: 22    Str: 26    XL:     13   Next: 15%
Magic:  0/13       EV: 12    Int:  9    God:    Trog [*****.]
Gold:   1097       SH:  0    Dex: 15    Spells: 12/12 levels left

rFire    + . .     SeeInvis +   t - +10 battleaxe of the Warrior-Mage {freeze, rElec Str+3 Dex-2 SInv}
rCold    + . .     Gourm    .   (shield currently unavailable)
rNeg     . . .     Faith    .   U - +0 plate armour {rC+}
rPois    .         Spirit   +   d - +0 helmet
rElec    +         Reflect  .   (no cloak)
rCorr    +         Harm     .   A - +0 pair of gloves
MR       .....                  I - +0 pair of boots
Stlth    ..........             (no amulet)
Regen    0.7/turn               (no ring)
MPRegen  0.2/turn               (no ring)

@: mighty, lethally poisoned (-1 -> -1), weakened, berserk cooldown, slowed,
drained, very slow
A: hooves 1, yellow scales 3, fire resistance 1, powered by pain 3, regeneration
1, magic shield
a: Berserk, Trog's Hand, Brothers in Arms, Burn Spellbooks, Renounce Religion


You were on level 2 of the Orcish Mines.
You worshipped Trog.
Trog was extremely pleased with you.
You were hungry.

You visited 2 branches of the dungeon, and saw 14 of its levels.

You collected 1097 gold pieces.

Inventory:

Hand Weapons
 a - a +0 falchion
 o - a +5 scimitar
 s - a +4 vampiric long sword
 t - the +10 battleaxe of the Warrior-Mage (weapon) {freeze, rElec Str+3 Dex-2 SInv}
   (You found it on level 8 of the Dungeon)

   It has been specially enchanted to freeze those struck by it, causing extra
   injury to most foes and up to half again as much damage against particularly
   susceptible opponents.
   It can also slow down cold-blooded creatures.
   It affects your strength (+3).
   It affects your dexterity (-2).
   It insulates you from electricity.
   It lets you see invisible.
Armour
 d - a +0 helmet (worn)
 n - a +0 large shield
 x - a +0 buckler
 A - a +0 pair of gloves (worn)
 E - a +0 shield
 I - a +0 pair of boots (worn)
 U - a +0 plate armour of cold resistance (worn)
Wands
 b - a wand of confusion (28/48)
 q - a wand of disintegration (12/24)
 K - a wand of iceblast (6/15)
Scrolls
 h - 6 scrolls of remove curse
 j - a scroll of recharging {unknown}
 k - 2 scrolls of teleportation
 p - a scroll of enchant weapon {unknown}
 u - 2 scrolls of identify
 y - a scroll of holy word {unknown}
 B - a scroll of brand weapon {unknown}
 C - a scroll of fog {unknown}
 D - 2 scrolls of enchant armour {unknown}
 G - a scroll of magic mapping {unknown}
 H - a scroll of silence {unknown}
 J - a scroll of acquirement {unknown}
 L - a scroll of amnesia {unknown}
 M - a scroll of noise {unknown}
Potions
 e - 3 potions of might
 f - a potion of lignification
 i - a potion of flight
 l - a potion of berserk rage
 m - 2 potions of brilliance
 r - a potion of haste
 w - 2 potions of agility
 F - 2 potions of mutation
 N - a potion of ambrosia
 O - 2 potions of magic
 T - a potion of curing
Books
 Q - a book of Clouds

   Spells                             Type                      Level
   a - Poisonous Vapours              Poison/Air                   2
   b - Mephitic Cloud                 Conjuration/Poison/Air       3
   c - Conjure Flame                  Conjuration/Fire             3
   d - Freezing Cloud                 Conjuration/Ice/Air          6
   e - Ring of Flames                 Charms/Fire                  7
   Trog disapproves of the use of such an item.
Comestibles
 g - 3 meat rations
 v - 14 fruits
 z - 15 royal jellies


   Skills:
 * Level 10.2(9.7) Fighting
   Level 3.5(4.5) Short Blades
 + Level 5.2(5.3) Long Blades
 + Level 9.7(9.2) Axes
 * Level 9.8(9.4) Armour
 * Level 8.4(7.9) Dodging
 + Level 0.8(0.4) Stealth
 * Level 8.2(7.8) Shields


You had 12 spell levels left.
You didn't know any spells.

Dungeon Overview and Level Annotations

Branches:
Dungeon (12/15)            Temple (0/1) D:6            Lair (0/6) D:10
    Orc (2/2) D:9             Elf (0/3) Orc:2

Altars:
Kikubaaqudgha
Makhleb
Sif Muna

Shops:
D:6 (   D:12 *   Orc:2 (


Innate Abilities, Weirdness & Mutations

You have large cloven feet.
You are completely covered in yellow scales. (AC +4, rCorr)
You are powered by pain.
When hurt, damage is shared between your health and your magic reserves.
Your flesh is heat resistant. (rF+)
Your natural rate of healing is unusually fast.


Message History

You feel sick.
You barely miss the orc knight.
The orc knight is heavily wounded.
The orc knight completely misses you.
You closely miss the orc knight.
The orc knight is heavily wounded.
You are no longer berserk.
You are exhausted.
You feel yourself slow down.
You closely miss the orc knight.
The orc knight is heavily wounded.
You feel sick.
The orc knight hits you with an enchanted bardiche!
* * * LOW HITPOINT WARNING * * *
The orc knight hits you with an enchanted bardiche.
* * * LOW HITPOINT WARNING * * *
You hit the orc knight. You freeze the orc knight.
The orc knight is severely wounded.
The orc knight hits you with an enchanted bardiche.
You die...

##...# ####(## #### #...
##.#.####.#.#####..###...
#.....##..o..#.#....#....
##.....##.......#∩.......
#............)...........
##.##.....[..............
##.#..)#.....[...#.....#
#.......#....#[)........
##.#.#.@...........))...
#####.o.....[....)...).
#........)..........
##.......[.........#
######.....[..).....#..
##.#....................
#..................#.#..
##.........#....)...#...
#.........##...........


You could see an orc knight and an orc priest (wandering).

Vanquished Creatures
  An orc warlord (Orc:1)
  The ghost of LLlMATKO the Severer, a journeyman MiBe of Trog (D:12)
  Erolcha (D:10)
  7 two-headed ogres
  An ogre mage (Orc:2)
  3 orc high priests (Orc:2)
  2 unseen horrors
  An orc knight (Orc:2)
  2 orc sorcerers (Orc:2)
  An ugly thing (D:11)
  A cyclops (D:12)
  The ghost of Ymberto the Geomancer, a novice DEEE of Sif Muna (D:7)
  A gargoyle (D:12)
  2 centaur skeletons
  3 trolls
  A hornet (D:12)
  6 hippogriffs
  3 slime creatures (D:12)
  A wyvern (D:9)
  A hungry ghost (D:8)
  2 basilisks (D:10)
  20 yaks
  4 wargs
  An acid dragon (D:12)
  2 soldier ants (D:12)
  4 porcupines (D:10)
  2 ice beasts (D:6)
  25 orc warriors
  An eye of draining (D:9)
  4 centaurs
  3 black bears
  14 ogres
  4 phantoms
  2 crocodiles
  A big kobold (D:11)
  5 bullfrogs
  2 scorpions
  9 killer bees
  7 wights
  6 howler monkeys
  A crimson imp (D:10)
  2 bullfrog zombies (D:5)
  5 jellies
  2 quasits (D:10)
  2 hounds
  2 bullfrog skeletons
  19 orc priests
  3 iguanas
  6 worker ants
  22 orc wizards
  A hound skeleton (D:6)
  A howler monkey zombie (D:5)
  A worker ant zombie (D:5)
  11 gnolls
  9 adders
  5 shadow imps
  An adder zombie (D:8)
  An adder skeleton (D:4)
  2 worms
  3 dart slugs
  3 leopard geckos
  94 orcs
  A ball python (D:2)
  6 giant cockroaches
  8 goblins
  9 hobgoblins
  6 jackals
  8 kobolds
  3 quokkas
  A ball python zombie (D:5)
  10 bats
  8 frilled lizards
  A giant cockroach zombie (D:5)
  2 quokka zombies
  12 rats
  A fungus (D:10)
  2 plants
432 creatures vanquished.

Vanquished Creatures (collateral kills)
  An orc knight (Orc:1)
  An orc warrior (Orc:1)
  2 killer bees (D:8)
  2 orc priests
  An orc wizard (Orc:1)
  An orc (Orc:2)
8 creatures vanquished.

Vanquished Creatures (others)
  An orc wizard (Orc:2)
  2 bushes (D:10)
  A fungus (D:10)
  11 plants (D:10)
15 creatures vanquished.

Grand Total: 455 creatures vanquished

Notes
Turn   | Place    | Note
-------+----------+-------------------------------------------
     0 | D:1      | troglodite the Demonspawn Berserker began the quest for the Orb.
     0 | D:1      | Reached XP level 1. HP: 18/18 MP: 1/1
   112 | D:1      | Gained mutation: When hurt, damage is shared between your health and your magic reserves. [demonic ancestry]
   112 | D:1      | Reached XP level 2. HP: 10/24 MP: 2/2
   794 | D:1      | Gained mutation: You are partially covered in yellow scales. (AC +2) [demonic ancestry]
   794 | D:1      | Reached XP level 3. HP: 26/29 MP: 3/3
  1368 | D:2      | Found a burning altar of Makhleb.
  1379 | D:2      | Reached ** piety under Trog
  1610 | D:2      | Reached skill level 1 in Shields
  1671 | D:2      | Gained mutation: You have large cloven feet. [demonic ancestry]
  1671 | D:2      | Reached XP level 4. HP: 34/36 MP: 4/4
  2511 | D:3      | Reached *** piety under Trog
  2533 | D:3      | Reached XP level 5. HP: 42/42 MP: 5/5
  2977 | D:4      | Noticed an ogre
  2986 | D:4      | Killed an ogre
  2986 | D:4      | Reached skill level 4 in Fighting
  2986 | D:4      | Gained mutation: You are mostly covered in yellow scales. (AC +3) [demonic ancestry]
  2986 | D:4      | Reached XP level 6. HP: 48/48 MP: 6/6
  3064 | D:4      | Reached skill level 1 in Short Blades
  3445 | D:4      | Reached XP level 7. HP: 41/55 MP: 5/7
  3697 | D:4      | Reached **** piety under Trog
  3934 | D:5      | Entered Level 5 of the Dungeon
  4734 | D:5      | Gained mutation: You sometimes gain a little power by taking damage. [demonic ancestry]
  4734 | D:5      | Reached XP level 8. HP: 46/61 MP: 6/8
  5928 | D:6      | Found a staircase to the Ecumenical Temple.
  5963 | D:6      | Found Voukko's Antique Weapon Boutique.
  6170 | D:6      | Reached skill level 5 in Fighting
  6170 | D:6      | Reached skill level 5 in Armour
  6533 | D:7      | Reached ***** piety under Trog
  6627 | D:7      | Noticed Ymberto's ghost (novice DEEE)
  6635 | D:7      | Killed Ymberto's ghost
  6635 | D:7      | Reached skill level 5 in Shields
  6635 | D:7      | Gained mutation: You sometimes gain power by taking damage. [demonic ancestry]
  6635 | D:7      | Reached XP level 9. HP: 68/68 MP: 9/9
  6928 | D:7      | Reached skill level 5 in Dodging
  7342 | D:8      | Got an ichor-stained battleaxe
  7656 | D:7      | Identified the +10 battleaxe of the Warrior-Mage {freeze, rElec Str+3 Dex-2 SInv} (You found it on level 8 of the Dungeon)
  7662 | D:8      | Reached skill level 5 in Long Blades
  7663 | D:8      | Reached skill level 6 in Fighting
  7670 | D:8      | Reached skill level 1 in Axes
  7826 | D:8      | Found an ancient bone altar of Kikubaaqudgha.
  7869 | D:8      | Noticed an unseen horror
  7878 | D:8      | Killed an unseen horror
  7878 | D:8      | Gained mutation: You are completely covered in yellow scales. (AC +4, rCorr) [demonic ancestry]
  7878 | D:8      | Reached XP level 10. HP: 72/77 MP: 8/10
  8003 | D:8      | Found a deep blue altar of Sif Muna.
  8284 | D:9      | Noticed a two-headed ogre
  8289 | D:9      | Killed a two-headed ogre
  8625 | D:9      | Received a gift from Trog
  8689 | D:9      | Reached skill level 7 in Fighting
  8722 | D:9      | Gained mutation: Your flesh is heat resistant. (rF+) [potion of mutation]
  8722 | D:9      | Gained mutation: Your natural rate of healing is unusually fast. [potion of mutation]
  8875 | D:9      | HP: 3/79 [poisoned by a killer bee]
  9153 | D:9      | Found a staircase to the Orcish Mines.
  9423 | D:10     | Entered Level 10 of the Dungeon
  9426 | D:10     | Noticed a two-headed ogre
  9438 | D:10     | Killed a two-headed ogre
  9438 | D:10     | Reached skill level 5 in Axes
  9438 | D:10     | Reached XP level 11. HP: 84/84 MP: 11/11
  9486 | D:10     | Found a staircase to the Lair.
  9537 | D:10     | Noticed a two-headed ogre
  9545 | D:10     | Killed a two-headed ogre
  9686 | D:10     | Reached skill level 8 in Fighting
 10041 | D:10     | Noticed Erolcha
 10055 | D:10     | Killed Erolcha
 10483 | D:11     | Received a gift from Trog
 11117 | D:11     | Noticed a red ugly thing
 11122 | D:11     | Killed a red ugly thing
 11548 | D:12     | Reached skill level 9 in Fighting
 11623 | D:12     | Gained mutation: You are powered by pain. [demonic ancestry]
 11623 | D:12     | Reached XP level 12. HP: 78/95 MP: 10/12
 11809 | D:12     | Received a gift from Trog
 11927 | D:12     | Found Nomnorank's General Store.
 12037 | D:12     | Noticed LLlMATKO's ghost (journeyman MiBe)
 12052 | D:12     | Killed LLlMATKO's ghost
 12806 | Orc:1    | Entered Level 1 of the Orcish Mines
 12982 | Orc:2    | Entered Level 2 of the Orcish Mines
 12982 | Orc:2    | Found a staircase to the Elven Halls.
 12982 | Orc:2    | Noticed an ogre mage
 12982 | Orc:2    | Noticed a two-headed ogre
 12982 | Orc:2    | Noticed a two-headed ogre
 12982 | Orc:2    | Noticed a two-headed ogre
 12982 | Orc:2    | Noticed a two-headed ogre
 12982 | Orc:2    | Noticed an orc warlord
 12988 | Orc:1    | Killed a two-headed ogre
 12989 | Orc:1    | Killed a two-headed ogre
 13070 | Orc:1    | Killed a two-headed ogre
 13113 | Orc:1    | Killed a two-headed ogre
 13186 | Orc:1    | Killed an orc warlord
 13217 | Orc:2    | Killed an ogre mage
 13217 | Orc:2    | Reached skill level 10 in Fighting
 13363 | Orc:2    | Found Vouseam's Antique Weapon Shoppe.
 13398 | Orc:2    | Received a gift from Trog
 13458 | Orc:2    | Reached ****** piety under Trog
 14176 | Orc:2    | Noticed an orc high priest
 14192 | Orc:2    | Killed an orc high priest
 14192 | Orc:2    | Reached XP level 13. HP: 103/103 MP: 9/13
 14505 | Orc:2    | HP: 5/103 [orc knight/enchanted bardiche (10)]
 14505 | Orc:2    | HP: 1/103 [orc knight/enchanted bardiche (4)]
 14506 | Orc:2    | Slain by an orc knight

Skill      XL: |  1  2  3  4  5  6  7  8  9 10 11 12 |
---------------+-------------------------------------+-----
Armour         | 2 3 5 7 8 9 |  9.8
Dodging        | 2 3 4 5 6 7 8 |  8.4
Long Blades    | 3 4 5 |  5.2
Shields        | 1 2 4 5 6 7 8 |  8.2
Fighting       | 4 5 6 7 9 10 | 10.2
Short Blades   | 1 2 3 |  3.5
Axes           | 2 5 7 9 |  9.7
Stealth        | |  0.8

Action                   |  1- 3 |  4- 6 |  7- 9 | 10-12 | 13-15 || total
-------------------------+-------+-------+-------+-------+-------++-------
Melee: Falchion          |   120 |   151 |       |       |       ||   271
       Kick              |       |    97 |   171 |    22 |       ||   290
       Dagger            |       |   117 |   364 |       |       ||   481
       Scimitar          |       |       |    89 |       |       ||    89
       Battleaxe         |       |       |    33 |   465 |    49 ||   547
       Long sword        |       |       |       |    98 |       ||    98
Invok: Berserk           |     3 |     5 |     7 |    12 |     1 ||    28
       Brothers in Arms  |       |       |     1 |     1 |     1 ||     3
       Burn Spellbooks   |       |       |     1 |       |       ||     1
       Trog's Hand       |       |       |       |     1 |       ||     1
  Use: Scroll            |       |       |    11 |     5 |     2 ||    18
       Potion            |       |       |     3 |     1 |       ||     4
 Stab: Sleeping          |     1 |       |       |       |       ||     1
       Distracted        |       |       |       |       |     1 ||     1
  Eat: Chunk             |     5 |    11 |    18 |    28 |     1 ||    63
       Bread ration      |       |       |     2 |     2 |       ||     4
Armor: Animal skin       |     4 |       |       |       |       ||     4
       Scale mail        |    44 |    81 |       |       |       ||   125
       Chain mail        |       |    12 |     4 |       |       ||    16
       Plate armour      |       |       |   258 |   467 |    32 ||   757
Dodge: Dodged            |    49 |    37 |   119 |   345 |    45 ||   595
Block: Large shield      |    57 |   147 |    75 |   144 |       ||   423
       Buckler           |       |       |    35 |       |       ||    35
       Shield            |       |       |    79 |       |       ||    79
       Rpst.: Falchion   |    16 |     8 |       |       |       ||    24
       Scimitar          |       |       |    14 |       |       ||    14
       Long sword        |       |       |       |    11 |       ||    11
